 Dungeon Crawl Stone Soup version 0.29.1-12-g30fa7ad0bf (webtiles) character file.

Game seed: 1575980523703256271

220348 tkbsonic5 the Warrior (level 18, -1/114 (156) HPs)
             Began as a Human Hunter on Dec 13, 2022.
             Was the Champion of Ru.
             Slain by a small abomination (10 damage)
             ... on level 3 of the Abyss on Dec 29, 2022.
             The game lasted 03:07:12 (30508 turns).

tkbsonic5 the Warrior (Human Hunter)               Turns: 30508, Time: 03:07:13

HP:   -1/114 (156)  AC: 32    Str: 11 (13) XL:     18   Next: 93%
MP:   12/18         EV:  5    Int: 10      God:    Ru [******]
Gold: 171           SH:  0    Dex: 21      Spells: 17/17 levels left

rFire   + . .      SeeInvis .   b - +5 lajatang (vamp)
rCold   + + .      Faith    .   (shield currently unavailable)
rNeg    + . .      Spirit   .   n - +7 plate armour
rPois   +          Reflect  .   (helmet restricted)
rElec   .          Harm     .   j - scarf {rC+ rF+}
rCorr   .          Rampage  .   J - +2 pair of gloves of the Beginning {rC+ Dex+2 Slay+3}
Will    +....      Clarity  +   g - +0 pair of boots
Stlth   ..........              w - amulet of regeneration
HPRegen 1.09/turn               t - ring of poison resistance
MPRegen 0.16/turn               C - ring of positive energy

@: very heavily drained, unable to drink
A: no stealth, inability to use devices, inability to train dodging, no earth
magic, no necromancy magic, no transmutations magic, inexperienced 1, antennae
1, iridescent scales 1, clarity, [deterioration 1], [weak 2], [inability to
drink after injury 2]
}: 1/15 runes: serpentine
a: Renounce Religion, Draw Out Power, Power Leap, Apocalypse


You were on level 3 of the Abyss.
You worshipped Ru.
Ru was exalted by your worship.
You visited 5 branches of the dungeon, and saw 29 of its levels.
You visited the Abyss 1 time.

You collected 2264 gold pieces.
You spent 2093 gold pieces at shops.

Inventory:

Hand Weapons
 b - a +5 vampiric lajatang (weapon)
 i - a +0 arbalest
 q - the +4 hand axe of Sequestration {drain, *Noise rC+ Stlth+}
   (You found it on level 3 of the Dungeon)

   A truly terrible weapon, it drains the life of any living foe it strikes.
   rC:        It protects you from cold.
   *Noise:    It may make noises in combat.
   Stlth:     It makes you more stealthy.
Missiles
 a - a boomerang of dispersal (quivered)
 e - 2 silver javelins
 I - a poisoned dart
Armour
 g - a +0 pair of boots (worn)
 j - a scarf of resistance (worn)
 n - a +7 plate armour (worn)
 s - a +1 cloak
 J - the +2 pair of gloves of the Beginning (worn) {rC+ Dex+2 Slay+3}
   (You bought it in a shop on level 2 of the Orcish Mines)

   Dex:       It affects your dexterity (+2).
   Slay:      It affects your accuracy & damage with ranged weapons and melee
   (+3).
   rC:        It protects you from cold.
Jewellery
 t - a ring of poison resistance (left hand)
 w - an amulet of regeneration (around neck)
 B - a ring of flight
 C - a ring of positive energy (right hand)
Scrolls
 d - 3 scrolls of blinking
 f - 12 scrolls of teleportation
 h - a scroll of amnesia
 k - a scroll of enchant weapon
 y - a scroll of silence
 H - a scroll of fear
Potions
 c - a potion of berserk rage
 z - 3 potions of magic
 D - a potion of flight
Miscellaneous
 u - a tin of tremorstones (2/2)


   Skills:
 * Level 17.9 Fighting
 - Level 5.0(6.1) Axes
 - Level 5.4(13.0) Maces & Flails
 * Level 17.5(17.8) Staves
 - Level 12.6 Ranged Weapons
 - Level 4.2 Throwing
 * Level 17.4 Armour


You had 17 spell levels left.
You didn't know any spells.
Your spell library contained the following spells:

 Spells                   Type           Power      Damage    Failure   Level
 Ensorcelled Hibernation  Hex/Ice        0%         N/A       100%        2
 Poisonous Vapours        Pois/Air       0%         N/A       100%        2
 Mephitic Cloud           Conj/Pois/Air  0%         N/A       100%        3
 Ozocubu's Armour         Ice            0%         N/A       100%        3
 Swiftness                Air            0%         N/A       100%        3
 Cause Fear               Hex            0%         N/A       100%        4
 Olgreb's Toxic Radiance  Pois           0%         N/A       100%        4
 Fireball                 Conj/Fire      0%         3d3       100%        5
 Freezing Cloud           Conj/Ice/Air   0%         6-21      100%        5
 Iskenderun's Battlesphe  Conj           0%         2d6       100%        5
 Conjure Ball Lightning   Conj/Air       0%         3x3d6     100%        6
 Orb of Destruction       Conj           0%         9d5       100%        7
 Ozocubu's Refrigeration  Ice            0%         4d7       100%        7
 Ignition                 Fire           0%         3d3       100%        8
 Dragon's Call            Summ           0%         N/A       100%        9
 Sting                    Tmut/Pois      Unusable   1d3       N/A         1
 Passwall                 Tmut/Erth      Unusable   N/A       N/A         2
 Ignite Poison            Fire/Tmut/Pois Unusable   N/A       N/A         3
 Dragon Form              Tmut           Unusable   N/A       N/A         7

Dungeon Overview and Level Annotations

Branches:
Dungeon (15/15)            Temple (0/1) D:5            Lair (5/5) D:11
 Shoals (0/4) Lair:3        Snake (4/4) Lair:3        Slime (0/5) Lair:5
    Orc (2/2) D:12            Elf (0/3) Orc:2        Vaults (3/5) D:14
  Crypt (0/3) Vaults:3     Depths (0/4) D:15

Altars:
Ashenzari
Dithmenos
Fedhas
Hepliaklqana
Makhleb
Okawaru
Ru
Trog
Wu Jian
Xom
Yredelemnul
The Shining One
Jiyva

Shops:
D:2 *   D:6 [*   D:15 ?   Orc:2 :[[:   Snake:3 =[(*   Vaults:1 ?
Vaults:2 (?([

Portals:
Trove: Vaults:3 (give +3 storm dragon scales)

Annotations:
D:10 Amaemon
D:11 Josephine
D:14 1 runed translucent door, Jingleheimer's ghost, journeyman DsFi
Abyss:3 1 transporter


Innate Abilities, Weirdness & Mutations

You cannot be stealthy.
You cannot study or use magical devices.
You cannot train Dodging skill.
You cannot study or cast Earth magic.
You cannot study or cast Necromancy magic.
You cannot study or cast Transmutations magic.
You are somewhat inexperienced. (-1 XL)
You have a pair of small antennae on your head.
You are partially covered in iridescent scales. (AC +2)
You possess an exceptional clarity of mind.
[Your body sometimes deteriorates upon taking damage.]
[You are very weak. (Str -4)]
[You sometimes lose the ability to drink potions when taking damage.]


Message History

* * * LOW HITPOINT WARNING * * *
Your body deteriorates!
You feel clumsy.
Activating: Apocalypse
Press: ? - help, Dir - look around, f - activate You reveal the great annihilating truth to your foes!
You destroy the tentacled starspawn!
You feel drained.
You hear a roar! x2; You hear a shout!
You hear a roar!
You hear a bleat!
You hear a deafening roar!
You hear a horrible gurgling sound!
You hear an angry buzzing noise. x2; You hear a chilling moan.
You feel your dexterity returning.
You feel the corruption within you wane somewhat.
You feel clever.
You feel a little healthier.
You feel robust.
You start resting.
A large abomination comes into view.
A small abomination comes into view.
Found 44 gold pieces, a potion of heal wounds and 2 potions of cancellation.
Found a transporter.
Found 22 gold pieces.
The chaos spawn screeches!
The thrashing horror roars!
Found a corrupted altar of Lugonu.
The faun shouts!
The hornet buzzes angrily.
You hear a croak.
The hornet changes into a blink frog!
There is a transporter, spattered with blood here.
A small abomination comes into view.
The faun changes into a death drake!
You feel less exhausted.
You can drink potions again.
The small abomination hits you!
You feel threatened and lose the ability to drink potions!
* * * LOW HITPOINT WARNING * * *
The small abomination attacks as you move away!
The small abomination hits you!
* * * LOW HITPOINT WARNING * * *
The small abomination hits you!
* * * LOW HITPOINT WARNING * * *
The small abomination hits you but does no damage.
The small abomination attacks as you move away!
The small abomination hits you!
You die...

. . . . ... .. . .#
##..# ... ##...# ### .#
. ). ....#.# #..# #. ...
...###4..##. . #)...
#.#...#X#..## . ..
...##...###X..###.. .#
...... .#@###X4....F .
.#.....##.#.#xx.##*....#
. .. #..#.....©#X._.©#
...# ..
##.###...##k....# . .
#.. #.# ##.###3...... #
. .#x# ####t..###.. #. .
#.# .##$#..## #... .##.
#. .! ## #...x...
#..##!$#


You could see a tentacled monstrosity, a death drake shaped shifter, a wretched
star, an apocalypse crab, a thrashing horror, a smoke demon, a chaos spawn and 2
small abominations.

Vanquished Creatures
  Jorgrun (Orc:1)
  Rupert (D:13)
  A lich (Abyss:3)
  2 quicksilver dragons (Snake:4)
  An ancient champion (Vaults:3)
  Kirke (Snake:2)
  2 sphinxes (Vaults:2)
  A tentacled starspawn (Abyss:3)
  Frances (D:12)
  3 nagarajas
  5 vault wardens
  A curse skull (Vaults:3)
  4 orc warlords
  7 ironbound preservers
  3 very ugly things (Vaults:1)
  A war gargoyle (Vaults:2)
  A stone giant (D:15)
  8 ironbound thunderhulks
  Snorg (D:12)
  6 great orbs of eyes
  A deep elf high priest (Vaults:2)
  A rakshasa (Abyss:3)
  6 yaktaur captains
  3 salamander tyrants
  2 peacekeepers
  An ogre mage (Vaults:2)
  9 hydras
  8 boulder beetles
  A catoblepas (D:15)
  Erolcha (D:13)
  Erica (D:10)
  4 ironbound frosthearts
  4 anacondas
  7 two-headed ogres
  2 centaur warriors (D:14)
  A death knight (D:12)
  6 naga warriors
  3 tengu warriors
  A vampire mage (Vaults:3)
  5 naga sharpshooters
  5 orc high priests (Orc:2)
  6 shock serpents
  Sonja (Lair:4)
  2 salamander mystics (Snake:2)
  A death drake (shapeshifter) (D:14)
  9 skeletal warriors
  A goliath frog (Lair:5)
  A sea snake (Snake:4)
  A phantasmal warrior (Vaults:3)
  3 glowing orange brains
  3 lindwurms (Vaults:3)
  19 deep trolls
  7 naga ritualists
  10 ironbound convokers
  A golden dragon skeleton (Vaults:2)
  2 wizards
  10 orc knights
  A tengu zombie (Vaults:2)
  10 mana vipers
  A necromancer (Vaults:2)
  8 harpies
  An ugly thing (shapeshifter) (D:15)
  3 orc sorcerers (Orc:2)
  25 ugly things
  A manticore (D:12)
  11 salamanders
  5 cyclopes
  A worldbinder (Abyss:3)
  4 guardian serpents
  A guardian serpent (shapeshifter) (D:14)
  A merfolk siren (Lair:3)
  24 elephants
  4 vault sentinels
  An orange demon (D:13)
  39 black mambas
  5 naga magi
  4 gargoyles
  28 cane toads
  2 efreet
  4 rime drakes
  18 yaktaurs
  8 komodo dragons
  An unseen horror (D:11)
  A freezing wraith (Vaults:3)
  A yaktaur skeleton (Vaults:2)
  2 tyrant leeches (Lair:5)
  A polar bear (Lair:3)
  3 meliai (Abyss:3)
  2 hornets (D:9)
  Prince Ribbit (D:9)
  5 trolls
  27 blink frogs
  A sphinx simulacrum (Vaults:2)
  A tarantella (Vaults:3)
  28 slime creatures
  A yak (shapeshifter) (Vaults:2)
  3 shadows
  A culicivora (Vaults:3)
  3 hogs (Snake:2)
  7 wraiths
  5 wyverns
  A vampire (D:14)
  3 basilisks
  47 yaks
  2 steam dragons
  10 vampire mosquitoes
  A redback (Vaults:3)
  6 wargs
  18 nagas
  2 small abominations (Abyss:3)
  An acid dragon (D:10)
  13 water moccasins
  An ice beast (D:7)
  33 orc warriors
  4 sky beasts
  3 black bears
  9 ogres
  15 wolves
  4 centaurs
  3 phantoms
  13 bullfrogs
  2 gnoll sergeants
  A necrophage (D:6)
  4 scorpions
  7 wights (D:6)
  A troll zombie (D:12)
  7 killer bees
  3 electric eels
  3 howler monkeys (D:13)
  A quasit (D:13)
  5 hounds
  A jelly (D:6)
  27 orc priests
  6 iguanas
  11 orc wizards
  10 hell rats (Lair:2)
  7 ogre zombies (D:12)
  Robin (D:4)
  13 gnolls
  10 adders
  A shadow imp (D:5)
  A white imp (D:7)
  2 ufetubi
  4 worms
  5 dart slugs
  75 orcs
  7 ball pythons
  5 endoplasms
  3 giant cockroaches
  10 goblins
  9 hobgoblins
  6 quokkas
  6 bats
  A frilled lizard (D:1)
  A goblin skeleton (D:12)
  4 goblin zombies (D:12)
  2 hobgoblin skeletons (D:12)
  2 hobgoblin zombies (D:12)
  6 kobolds
  2 orc skeletons (D:12)
  14 orc zombies (D:12)
  7 rats
  A spectral orc (D:9)
987 creatures vanquished.

Vanquished Creatures (collateral kills)
  4 vault sentinels (Vaults:2)
  A yaktaur (Vaults:2)
5 creatures vanquished.

Vanquished Creatures (others)
  An entropy weaver (Vaults:3)
  A centaur warrior (D:14)
  A wretched star (Abyss:3)
  A deep troll (Vaults:3)
  A wizard (Vaults:3)
  An ugly thing (D:14)
  A cane toad (Lair:4)
  2 yaktaurs (Vaults:3)
  A blink frog (Lair:5)
  A yak (D:11)
  A naga (Snake:2)
  An orc warrior (Orc:2)
  An ogre (Orc:2)
  A wight (D:6)
  An orc wizard (Orc:2)
  5 orcs
  26 fungi
  119 plants
166 creatures vanquished.

Grand Total: 1158 creatures vanquished

Notes
Turn   | Place    | Note
-------+----------+-------------------------------------------
     0 | D:1      | tkbsonic5 the Human Hunter began the quest for the Orb.
     0 | D:1      | Reached XP level 1. HP: 16/16 MP: 1/1
   314 | D:1      | Reached XP level 2. HP: 22/22 MP: 2/2
   772 | D:2      | Found a sacrificial altar of Ru.
   776 | D:2      | Reached XP level 3. HP: 27/27 MP: 3/3
   787 | D:2      | Became a worshipper of Ru the Awakened
  1031 | D:2      | Found Motzewn's Assorted Antiques.
  1043 | D:2      | Bought a clear potion for 24 gold pieces
  1043 | D:2      | Bought an inky potion for 24 gold pieces
  1069 | D:2      | Identified the +8 quarterstaff of the Holding Gods {drain,
                  | rF- Int+7}
  1486 | D:3      | Reached XP level 4. HP: 33/33 MP: 4/4
  1489 | D:3      | Found an iron altar of Okawaru.
  1492 | D:3      | Identified the +4 hand axe of Sequestration {drain, *Noise
                  | rC+ Stlth+}
  1625 | D:3      | Found an ornate altar of the Wu Jian Council.
  1706 | D:3      | Reached skill level 5 in Ranged Weapons
  1706 | D:3      | Reached XP level 5. HP: 38/39 MP: 5/5
  1742 | D:3      | Found a shimmering altar of Xom.
  2089 | D:3      | Gained mutation: You cannot train Dodging skill. [Ru
                  | sacrifice]
  2089 | D:3      | Reached * piety under Ru
  2201 | D:4      | Reached XP level 6. HP: 46/46 MP: 6/6
  2247 | D:4      | Noticed Robin
  2595 | D:4      | Reached XP level 7. HP: 48/52 MP: 7/7
  2725 | D:4      | Killed Robin
  3104 | D:4      | Reached skill level 5 in Stealth
  3110 | D:4      | Reached skill level 1 in Staves
  3280 | D:5      | Entered Level 5 of the Dungeon
  3330 | D:5      | Reached skill level 1 in Armour
  3451 | D:5      | Found a staircase to the Ecumenical Temple.
  3498 | D:5      | Reached XP level 8. HP: 60/60 MP: 8/8
  4391 | D:5      | Gained mutation: You cannot study or cast Earth magic. [Ru
                  | sacrifice]
  4391 | D:5      | Gained mutation: You cannot study or cast Transmutations
                  | magic. [Ru sacrifice]
  4391 | D:5      | Gained mutation: You cannot study or cast Necromancy magic.
                  | [Ru sacrifice]
  4391 | D:5      | Reached ** piety under Ru
  4495 | D:6      | Found Tunnuozu's Antique Armour Emporium.
  4736 | D:6      | Bought a pair of boots for 108 gold pieces
  4781 | D:6      | Reached skill level 5 in Fighting
  4823 | D:6      | Reached XP level 9. HP: 68/68 MP: 9/9
  5203 | D:6      | Found a glowing golden altar of the Shining One.
  5546 | D:6      | Found Iqite's Overcharged Wands.
  6673 | D:7      | Reached XP level 10. HP: 47/76 MP: 10/10
  6833 | D:8      | Found a blossoming altar of Fedhas.
  6958 | D:8      | You fall into a shaft and drop 1 floor!
  7017 | D:9      | Reached skill level 5 in Staves
  7017 | D:9      | Reached skill level 5 in Armour
  7156 | D:9      | Found a shadowy altar of Dithmenos.
  7179 | D:9      | Found a bloodstained altar of Trog.
  7196 | D:9      | Gained mutation: You cannot study or use magical devices.
                  | [Ru sacrifice]
  7196 | D:9      | Reached *** piety under Ru
  7196 | D:9      | Reached **** piety under Ru
  7196 | D:9      | Reached ***** piety under Ru
  7317 | D:9      | Found a basalt altar of Yredelemnul.
  7415 | D:9      | Found a broken altar of Ashenzari.
  7584 | D:9      | Found a burning altar of Makhleb.
  7710 | D:9      | Noticed Prince Ribbit
  7715 | D:9      | Killed Prince Ribbit
  7813 | D:10     | Entered Level 10 of the Dungeon
  7961 | D:10     | Noticed a two-headed ogre
  7970 | D:10     | Killed a two-headed ogre
  7971 | D:10     | Reached XP level 11. HP: 56/86 MP: 11/11
  8087 | D:10     | Noticed Erica
  8122 | D:10     | Killed Erica
  8423 | D:11     | Noticed Josephine
  8425 | D:11     | Noticed a two-headed ogre
  8437 | D:11     | Noticed a cyclops
  8487 | D:10     | Noticed Amaemon
  8775 | D:11     | Found a staircase to the Lair.
  8902 | Lair:1   | Entered Level 1 of the Lair of Beasts
  8948 | D:11     | Killed a two-headed ogre
  9195 | D:11     | Reached XP level 12. HP: 92/95 MP: 12/12
  9201 | D:11     | Gained mutation: You are dopey. (Int -2) [potion of
                  | mutation]
  9201 | D:11     | Gained mutation: [Your body sometimes deteriorates upon
                  | taking damage.] [potion of mutation]
  9201 | D:11     | Gained mutation: You possess an exceptional clarity of
                  | mind. [potion of mutation]
  9202 | D:11     | Lost mutation: You are dopey. (Int -2) [potion of mutation]
  9202 | D:11     | Lost mutation: [Your body sometimes deteriorates upon
                  | taking damage.] [potion of mutation]
  9202 | D:11     | Gained mutation: You have a pair of small antennae on your
                  | head. [potion of mutation]
  9202 | D:11     | Gained mutation: You are partially covered in iridescent
                  | scales. (AC +2) [potion of mutation]
  9297 | Lair:1   | Identified a scroll of acquirement
  9297 | Lair:1   | Acquired a +0 vampiric lajatang
  9564 | Lair:1   | Gained mutation: You are somewhat inexperienced. (-1 XL)
                  | [Ru sacrifice]
  9564 | Lair:1   | Reached XP level 11. HP: 89/89 MP: 11/11
 10367 | Lair:2   | Reached skill level 10 in Fighting
 11402 | Lair:3   | Found a staircase to the Snake Pit.
 11406 | Lair:3   | Noticed a five-headed hydra
 11416 | Lair:2   | Killed a five-headed hydra
 11417 | Lair:2   | Reached XP level 12. HP: 52/99 MP: 12/12
 11533 | Lair:3   | Found a hazy altar of Hepliaklqana.
 11670 | Lair:3   | Reached skill level 10 in Staves
 11675 | Lair:3   | Reached skill level 10 in Armour
 11712 | Lair:3   | Noticed a boulder beetle
 11717 | Lair:3   | Gained mutation: You cannot be stealthy. [Ru sacrifice]
 11717 | Lair:3   | Reached ****** piety under Ru
 11742 | Lair:3   | Killed a boulder beetle
 11823 | Lair:3   | Reached skill level 10 in Ranged Weapons
 12049 | Lair:3   | Found a staircase to the Shoals.
 12570 | Lair:4   | Noticed an eight-headed hydra
 12607 | Lair:4   | Killed an eight-headed hydra
 13052 | Lair:4   | Noticed Sonja
 13054 | Lair:4   | Killed Sonja
 13118 | Lair:4   | Noticed a five-headed hydra
 13128 | Lair:4   | Killed a five-headed hydra
 13129 | Lair:4   | Reached XP level 13. HP: 88/107 MP: 13/13
 13612 | Lair:5   | Entered Level 5 of the Lair of Beasts
 14596 | Lair:5   | Found the +7 mace of Variability {chain chaos}
 14750 | Lair:5   | Found a staircase to the Slime Pits.
 14751 | Lair:5   | Found a viscous altar of Jiyva.
 15046 | Lair:4   | Reached XP level 14. HP: 118/118 MP: 14/14
 15257 | D:12     | Noticed Frances
 15267 | D:12     | Killed Frances
 15436 | D:12     | Noticed Snorg
 15455 | D:12     | Killed Snorg
 15691 | D:12     | Found a staircase to the Orcish Mines.
 15812 | D:12     | Reached skill level 1 in Maces & Flails
 16190 | D:13     | Noticed Rupert
 16191 | D:13     | Paralysed by Rupert for 4 turns
 16204 | D:13     | Killed Rupert
 16810 | D:13     | Noticed Erolcha
 16817 | D:13     | Killed Erolcha
 17206 | D:14     | Found a gate to the Vaults.
 17252 | D:14     | Found a runed translucent door.
 17254 | D:14     | Identified the +1 robe of Fun and Games {Dex+4}
 17313 | D:14     | Noticed Jingleheimer's ghost (journeyman DsFi)
 17314 | D:14     | Identified the +7 spear of Biukhlaf {holy, Str+6 Stlth+}
 17753 | D:15     | Entered Level 15 of the Dungeon
 17790 | D:14     | Reached skill level 1 in Throwing
 17880 | D:14     | Reached XP level 15. HP: 66/105 MP: 6/15
 18436 | D:15     | Found a staircase to the Depths.
 18515 | D:15     | Found Rowaakas's Magic Scroll Emporium.
 18521 | D:15     | Bought a scroll of magic mapping for 112 gold pieces
 18521 | D:15     | Bought a scroll of blinking for 112 gold pieces
 19088 | Orc:1    | Entered Level 1 of the Orcish Mines
 19123 | Orc:1    | Noticed Jorgrun
 19137 | Orc:1    | Killed Jorgrun
 19358 | Orc:2    | Entered Level 2 of the Orcish Mines
 19623 | Orc:2    | Reached skill level 1 in Axes
 19915 | Orc:2    | Found a staircase to the Elven Halls.
 20216 | Orc:2    | Found Xig Qalu's Armour Boutique.
 20255 | Orc:2    | Found Seiti's Book Shop.
 20588 | Orc:2    | Found Yfeph's Book Boutique.
 20664 | Orc:2    | Found Utsit's Antique Armour Emporium.
 20725 | Orc:2    | Bought a pair of encrusted gloves for 313 gold pieces
 20725 | Orc:2    | Identified the +2 pair of gloves of the Beginning {rC+
                  | Dex+2 Slay+3} (You bought it in a shop on level 2 of the
                  | Orcish Mines)
 21161 | Snake:1  | Entered Level 1 of the Snake Pit
 21536 | Snake:1  | Reached XP level 16. HP: 134/134 MP: 16/16
 21653 | Snake:1  | You fall into a shaft and drop 1 floor!
 21839 | Snake:2  | Reached skill level 15 in Fighting
 22139 | Snake:2  | Noticed Kirke
 22148 | Snake:2  | Killed Kirke
 22251 | Snake:2  | Reached skill level 5 in Maces & Flails
 22821 | Snake:3  | Found a flickering gateway to a bazaar.
 23305 | Snake:3  | Reached skill level 5 in Axes
 23599 | Snake:3  | Found Tuokhuir's Armour Shop.
 23601 | Snake:3  | Found Vopusch's General Store.
 23601 | Snake:3  | Found Icaeruh's Jewellery Shop.
 23604 | Snake:3  | Found Ubih's Weapon Boutique.
 23616 | Snake:3  | Bought a wand of light (3) for 201 gold pieces
 23616 | Snake:3  | Bought a tin of tremorstones (2/2) for 640 gold pieces
 23616 | Snake:3  | Bought a scroll of fear for 64 gold pieces
 23688 | Snake:4  | Entered Level 4 of the Snake Pit
 23773 | Snake:4  | Reached skill level 15 in Staves
 23895 | Snake:4  | Reached skill level 15 in Armour
 24091 | Snake:4  | Noticed a quicksilver dragon
 24102 | Snake:4  | Reached XP level 17. HP: 125/128 MP: 8/17
 24102 | Snake:4  | Killed a quicksilver dragon
 24191 | Snake:4  | Noticed a quicksilver dragon
 24204 | Snake:4  | Killed a quicksilver dragon
 24451 | Snake:4  | Got a serpentine rune of Zot
 24899 | Vaults:1 | Entered Level 1 of the Vaults
 25062 | Vaults:1 | Identified the +1 scale mail of Catatonia {rC++ Int+2}
 26033 | Vaults:1 | Found Niadiwos's Magic Scroll Shoppe.
 26041 | Vaults:1 | Bought a scroll of teleportation for 54 gold pieces
 26041 | Vaults:1 | Bought a scroll of teleportation for 54 gold pieces
 26041 | Vaults:1 | Bought a scroll of teleportation for 54 gold pieces
 26041 | Vaults:1 | Bought a scroll of identify for 36 gold pieces
 26041 | Vaults:1 | Bought a scroll of summoning for 171 gold pieces
 26324 | Vaults:1 | Paralysed by a great orb of eyes for 2 turns
 26936 | Vaults:2 | Found Foummadada's Antique Armour Boutique.
 27965 | Vaults:2 | Reached XP level 18. HP: 153/153 MP: 18/18
 28073 | Vaults:2 | Paralysed by a sphinx for 3 turns
 28230 | Vaults:2 | Found Dusuaguise's Magic Scroll Shoppe.
 28236 | Vaults:2 | Paralysed by a sphinx for 5 turns
 28255 | Vaults:2 | Bought 2 scrolls of teleportation for 126 gold pieces
 28293 | Vaults:2 | Found Zohyable's Antique Weapon Shop.
 28821 | Vaults:2 | Found Etifunudo's Weapon Emporium.
 29460 | Vaults:3 | HP: 1/112 [yaktaur/bolt[a yaktaur captain] (12)]
 29915 | Vaults:3 | Found a staircase to the Crypt.
 30037 | Vaults:3 | Found a portal to a secret trove of treasure.
 30346 | Abyss:3  | Cast into level 3 of the Abyss (a deep elf sorcerer)
 30437 | Abyss:3  | Noticed a lich
 30445 | Abyss:3  | Killed a lich
 30475 | Abyss:3  | HP: 5/113 [tentacled starspawn (12)]
 30496 | Abyss:3  | Found a transporter.
 30498 | Abyss:3  | Found a corrupted altar of Lugonu.
 30501 | Abyss:3  | Noticed a tentacled monstrosity
 30508 | Abyss:3  | Slain by a small abomination

Illustrated notes

Levels and vault maps discovered:
D:1:      dpeg_arrival_orchard, layout_basic
D:2:      layout_basic, basic_altar, serial_shops,
          nicolae_shop_overgrown_old_shop
D:3:      layout_basic, okawaru_ov_weapons_minmay, xom_confusion_cloud,
          mainiacjoe_overflow_cross_hatched, kennysheep_generic_room_4
D:4:      layout_basic, minmay_misc_feat_diagonals, dk_noncrumbling_3,
          uniq_robin
D:5:      layout_gridville, minmay_temple_entry_mini_moons,
          amcnicky_mini_corridor_feature, minivault_1,
          chequers_serial_rivers_small_b
D:6:      layout_basic, kennysheep_little_box, serial_shops,
          nicolae_shop_crystal, nicolae_sextant, nicolae_shop_overcharged_wands
D:7:      layout_loops_ring, serial_bayou_pond_b
D:8:      layout_basic, lemuel_round_altar, chequers_jeans,
          nicolae_lava_and_water, hangedman_abyss_or_decor_lesser_grid
D:9:      layout_rooms, trog_three_pillars_becter,
          mainiacjoe_overflow_six_doors_small,
          grunt_dithmenos_smoke_and_mirrors,
          yredelemnul_forgotten_temple_becter, lemuel_coloured_pillars_altar,
          uniq_prince_ribbit1
D:10:     layout_long_grid, uniq_erica, uniq_amaemon
D:11:     layout_loops_ring, lair_entry_dummy, uniq_josephine
D:12:     layout_cave_pools, zombieorc2_lemuel, uniq_snorg, uniq_frances
D:13:     kennysheep_demon_hangout, layout_gridville, uniq_erolcha, uniq_rupert
D:14:     layout_grid_maze, david_vaults_4, ebering_ghost_funeral_grove,
          item_on_display_a
D:15:     grunt_enter_depths_snipers, layout_cave_pools, serial_glass,
          glass_columns_a, glass_columns_a, item_on_display_a,
          due_unseen_surprise, serial_shops, nicolae_square_shop,
          minmay_misc_feat_columns, portal_ice_cave_entry_pillars_1,
          hangedman_decor_diamond_cutter
Lair:1:   layout_gridlike, hibernation_bobbens, serial_bayou_shore_a
Lair:2:   layout_roguey
Lair:3:   layout_regular_city, minmay_shoals_entry_lonely_mermaid,
          minmay_snake_entry_spellcaster, basic_altar,
          minmay_stone_trees_medium, grunt_megastairs_3
Lair:4:   layout_cave_pods, infiniplex_staircase_pool_2, uniq_sonja
Lair:5:   minmay_lair_end_frog_pond, layout_regular_city, slime_entry_1,
          eino_small_chamber_without_monster, lemuel_fruit_tree,
          lemuel_fruit_fields
Snake:1:  nrook_guardian_serpent_snake_passage, layout_chambers,
          nicolae_snake_mages_go_home, uniq_asterion
Snake:2:  layout_basic, uniq_kirke
Snake:3:  layout_cave_pods, serial_shops, bzr_in_the_mist, minmay_shoptagon
Snake:4:  hellmonk_snake_rune_quicksilver_temple, layout_chambers,
          nicolae_snake_springs, grunt_megastairs_2, uniq_roxanne
Orc:1:    layout_caves, chequers_guarded_unrand_ignorance, uniq_jorgrun
Orc:2:    pubby_orc_utopia, serial_shops
Vaults:1: nicolae_vaults_theta, hangedman_vaults_impose, v_misc_10,
          grunt_vaults_funnel, vaults_room_door_hall,
          nicolae_vaults_network_star, ontoclasm_vaults_bender,
          ontoclasm_vaults_spin, v_misc_16, v_alt_pattern_2,
          layout_vaults_omnigrid, serial_shops, shop
Vaults:2: v_misc_1, v_misc_3, v_pattern_4, hangedman_vaults_locks,
          nicolae_vaults_back_hallway, v_alt_pattern_6, dpeg_vaults_monster_row,
          nicolae_vaults_little_squares_6, vaults_room_fancy_cross, v_misc_16,
          vaults_room_pools, st_lattice, vaults_room_pool,
          nicolae_vaults_little_squares_6, ontoclasm_vaults_gateway,
          layout_vaults_omnibox, serial_shops, shop, nicolae_lakefront_shop,
          shop, nicolae_shop_behind_doors
Vaults:3: biasface_ghost_orc_armoury, hangedman_vaults_trim,
          minmay_crypt_entry_simple_walls, ontoclasm_vaults_eye,
          vaults_mumra_hexcomb, nicolae_vaults_circle_grid_a,
          ontoclasm_vaults_gallery, layout_vaults_chaotic_city, enter_trove_2
Abyss:3:  base: D:14, gammafunk_corrupted_shrine, spicy_abyss_helpful_harpoons,
          grunt_abyss_rune_wretched_hive, hangedman_abyss_or_decor_clamps

Skill      XL: |  1  2  3  4  5  6  7  8  9 10 11 12 13 14 15 16 17 18 |
---------------+-------------------------------------------------------+-----
Stealth        | 2 3 4 5 6 7 8 0 |  0.0
Ranged Weapons | 5 6 7 8 10 11 12 | 12.6
Dodging        | 0 |  0.0
Fighting       | 3 4 5 6 7 10 11 13 14 15 16 17 | 17.9
Staves         | 1 2 4 6 9 11 12 13 14 15 16 17 | 17.5
Armour         | 1 2 4 6 9 11 12 13 14 15 16 17 | 17.4
Maces & Flails | 3 4 5 |  5.4
Throwing       | 1 3 4 |  4.2
Axes           | 3 5 |  5.0

Action                   |  1- 3 |  4- 6 |  7- 9 | 10-12 | 13-15 | 16-18 || total
-------------------------+-------+-------+-------+-------+-------+-------++-------
Melee: Quarterstaff      |       |    14 |   115 |   335 |   395 |     9 ||   868
       Hand axe          |       |    10 |       |    13 |     5 |    15 ||    43
       Short sword       |       |     7 |       |       |       |       ||     7
       Lajatang          |       |       |       |   206 |   824 |  1419 ||  2449
       Great mace        |       |       |       |       |   139 |    12 ||   151
 Fire: Shortbow          |    76 |    88 |    96 |   136 |   132 |     5 ||   533
       Arbalest          |       |       |       |       |       |     3 ||     3
Throw: Javelin           |       |       |       |    11 |       |     2 ||    13
       Dart              |       |       |       |       |    10 |    88 ||    98
       Boomerang         |       |       |       |       |       |    21 ||    21
Invok: Sacrifice Nimblen |       |     1 |       |       |       |       ||     1
       Sacrifice Arcana  |       |       |     1 |       |       |       ||     1
       Apocalypse        |       |       |       |     6 |    10 |     8 ||    24
       Sacrifice Artific |       |       |       |     1 |       |       ||     1
       Power Leap        |       |       |       |    11 |     9 |     6 ||    26
       Draw Out Power    |       |       |       |     1 |     1 |     4 ||     6
       Sacrifice Experie |       |       |       |     1 |       |       ||     1
       Sacrifice Stealth |       |       |       |     1 |       |       ||     1
Evoke: Wand              |       |       |     1 |       |       |       ||     1
  Use: Scroll            |     9 |     3 |     6 |    16 |    11 |    17 ||    62
       Potion            |       |     3 |     9 |     5 |    11 |    15 ||    43
 Stab: Sleeping          |       |       |     3 |       |       |       ||     3
       Invisible         |       |       |       |    12 |    20 |    29 ||    61
       Distracted        |       |       |       |     5 |    17 |     7 ||    29
       Paralysed         |       |       |       |    11 |    32 |     6 ||    49
       Confused          |       |       |       |       |     2 |       ||     2
       Petrified         |       |       |       |       |     1 |       ||     1
Armor: Leather armour    |     9 |    18 |    14 |       |       |       ||    41
       Scale mail        |       |       |    51 |    35 |       |       ||    86
       Skin              |       |       |     4 |       |       |       ||     4
       Plate armour      |       |       |       |   336 |  1049 |   825 ||  2210
Dodge: Dodged            |    13 |    19 |    66 |   140 |   337 |   306 ||   881
